 Dungeon Crawl Stone Soup version 0.31-a0-1204-ge2c1a860ed (webtiles) character file.

Game seed: 2508286576662543854

6177 LeprechaunX the Mimic (level 10, -4/71 HPs)
             Began as an Octopode Shapeshifter on Dec 12, 2023.
             Was an Initiate of Ashenzari.
             Slain by a yak (13 damage)
             ... on level 8 of the Dungeon.
             The game lasted 00:10:27 (7159 turns).

LeprechaunX the Mimic (Octopode Shapeshifter)       Turns: 7159, Time: 00:10:27

Health: -4/71      AC:  1    Str: 16    XL:     10   Next: 91%
Magic:  19/19      EV: 13    Int: 12    God:    Ashenzari [......]
Gold:   525        SH:  0    Dex: 14    Spells: 9/9 levels left

rFire   + . .        i - +7 Throatcutter {drain, coup de grace}
rCold   . . .        (no shield)
rNeg    + . .        (helmet currently unavailable)
rPois   .            (no amulet)
rElec   .            f - ring of positive energy
rCorr   +            n - ring of magical power
SInv    .            o - ring of Fymiemoc {rF+ rCorr}
Will    .....        y - ring "Jealousy of Ashenzari" {Slay+4, Cun, Range} (curse)
Stlth   ++           (no ring)
HPRegen 0.31/turn    (no ring)
MPRegen 0.16/turn    (no ring)
                     (no ring)

%: no passive effects
@: beast-form
A: beast (slay +4), almost no armour, amphibious, 8 rings, camouflage 1,
gelatinous body 1, (nimble swimmer 1), tentacles
a: Begin Untransformation, Renounce Religion, Curse Item, Shatter the Chains


You were on level 8 of the Dungeon.
You worshipped Ashenzari.
Ashenzari was noncommittal.
You were a hulking beast.
You visited 2 branches of the dungeon, and saw 9 of its levels.

You collected 525 gold pieces.

Inventory:

Hand Weapons
 i - the +7 Throatcutter (weapon) {drain, coup de grace}
   (You took it off Terence on level 2 of the Dungeon)
Missiles
 I - 6 boomerangs (quivered)
Armour
 m - a +0 hat of see invisible
Jewellery
 f - a ring of positive energy (left tentacle)
 n - a ring of magical power (right tentacle)
 o - the ring of Fymiemoc (on tentacle) {rF+ rCorr}
   (You found it on level 3 of the Dungeon)

   [ring of protection from fire]

   rF+:       It protects you from fire.
   rCorr:     It protects you from acid and corrosion.
 y - the cursed ring "Jealousy of Ashenzari" (on tentacle) {Slay+4, Cun, Range}
   (You found it on level 5 of the Dungeon)

   [ring of slaying]

   Slay+4:    It affects your accuracy & damage with ranged weapons and melee
   (+4).
   It has a curse which improves the following skills: Cunning: Dodging and
   Stealth.
   Ranged Combat: Ranged Weapons and Throwing.
Talismans
 b - a beast talisman
 c - a flux talisman
 q - a granite talisman
 s - a maw talisman
Wands
 p - a wand of iceblast (8)
 t - a wand of flame (58)
 E - a wand of acid (9)
Scrolls
 a - a scroll of poison {unknown}
 g - a scroll of silence {unknown}
 k - 2 scrolls of vulnerability {unknown}
 w - a scroll of blinking {unknown}
 x - 2 scrolls of revelation {unknown}
 z - 3 scrolls of enchant weapon {unknown}
 A - 2 scrolls of identify {unknown}
 D - 3 scrolls of teleportation {unknown}
 G - a scroll of amnesia {unknown}
 H - a scroll of fog {unknown}
 J - a scroll of acquirement {unknown}
 K - 2 scrolls of immolation {unknown}
 L - a scroll of enchant armour {unknown}
Potions
 d - a potion of mutation {unknown}
 e - 4 potions of enlightenment {unknown}
 h - 2 potions of heal wounds {unknown}
 j - 4 potions of might {unknown}
 l - 2 potions of attraction {unknown}
 r - a potion of ambrosia {unknown}
 u - 2 potions of cancellation {unknown}
 v - 2 potions of curing {unknown}
 B - a potion of haste {unknown}
 C - a potion of magic {unknown}
 F - a potion of brilliance {unknown}
 M - a potion of resistance {unknown}


   Skills:
 + Level 7.2 Fighting
 + Level 6.8 Long Blades
 - Level 2.9(3.3) Throwing
 - Level 2.0(2.3) Dodging
 - Level 4.3 Unarmed Combat
 + Level 6.2 Evocations
 * Level 9.9 Shapeshifting


You had 9 spell levels left.
You didn't know any spells.
Your spell library contained the following spells:

 Spells                   Type           Power      Damage    Failure   Level
 Magic Dart               Conj           0%         1d3       32%         1
 Necrotise                Necr           0%         1d4       32%         1
 Call Imp                 Summ           0%         N/A       45%         2
 Ensorcelled Hibernation  Hex/Ice        0%         N/A       45%         2
 Jinxbite                 Hex            0%         N/A       45%         2
 Momentum Strike          Conj/Tloc      0%         3d8       45%         2
 Mephitic Cloud           Conj/Pois/Air  0%         N/A       69%         3
 Vampiric Draining        Necr           0%         2d6       69%         3
 Anguish                  Hex/Necr       0%         N/A       97%         4
 Agony                    Necr           0%         N/A       100%        5
 Animate Armour           Summ/Erth      Unusable   N/A       N/A         4

Dungeon Overview and Level Annotations

Branches:
Dungeon (8/15)             Temple (1/1) D:5            Lair (0/5) D:8

Altars:
Ashenzari
Cheibriados
Dithmenos
Elyvilon
Fedhas
Hepliaklqana
Kikubaaqudgha
Makhleb
Nemelex Xobeh
Qazlal
Ru
Sif Muna
Vehumet
Wu Jian
Yredelemnul
Zin
The Shining One

Shops:
D:4 *   D:8 [

Annotations:
D:2 1 runed translucent door, Crazy Yiuf


Innate Abilities, Weirdness & Mutations

You are a hulking beast.
Your limbs bulge with bestial killing power. (Slay +4)
You cannot wear most types of armour.
You are amphibious.
You can wear up to eight rings at the same time.
Your skin changes colour to match your surroundings (Stealth+).
Your rubbery body absorbs attacks. (AC +1, EV +1)
((You are camouflaged when in or above water. (Stealth+)))
You have tentacles for arms and can constrict up to eight enemies at once.


Message History

There is an escape hatch in the ceiling here.
There is a stone staircase leading down here.
Found 7 stones.
You see here 7 stones.
Found a stone staircase leading down.
Found a radiant altar of Vehumet.
You now have 525 gold pieces (gained 17). 5 yaks come into view.
The yak bellows! x2; You hear a bellow!
A yak comes into view.
The yak bellows! x3
The yak closely misses you.
You slash the yak! You drain the yak.
The yak is severely wounded.
The yak gores you! The yak misses you. The yak barely misses you.
Unknown command.
You hit the yak. You squeeze the yak!
The yak is almost dead.
The yak closely misses you. The yak barely misses you. The yak gores you.
Unknown command.
You hit the yak.
You kill the yak!
The yak completely misses you. The yak gores you!
You slice the yak!! You drain the yak.
The yak is heavily wounded.
The yak gores you. x3
You slice the yak!!
You kill the yak!
The yak completely misses you. The yak barely misses you.
Unknown command.
You slice the yak!!
The yak is heavily wounded.
The yak misses you. The yak gores you!
* * * LOW HITPOINT WARNING * * *
The yak closely misses you.
Unknown command.
You hit the yak but do no damage.
The yak is heavily wounded.
The yak closely misses you. The yak gores you!
You die...

#.##.#.#.._..#.#.#......#
#.##.............#.##.###
#.##.#..#...#..#.#.##.#
#.##......#...........#
#.#....#.....#......#.# #
#####...##...#.#...##)....###
#...................)..#.....
#.#####.#.#.#####....)..#.###
#........###hY# ###)##.......
#..####.#.#Y#Y#.# #.##)#####.
#....Y....# #<##)# #.
#.##.##...# #.##.# #. #.##..
...# #.##.# #.
#.##.##...###.##)#####.
.....# ..>............. ##
#.# .#######.###.... ... .#
####.# #####


You could see 4 yaks.

Vanquished Creatures
  2 two-headed ogres (D:8)
  2 elephants (D:8)
  A komodo dragon (D:8)
  Sigmund (D:3)
  2 yaks (D:8)
  A steam dragon (D:7)
  2 water moccasins
  An orc warrior (D:8)
  A hornet zombie (D:5)
  3 ice beasts
  An ogre (D:7)
  A sky beast (D:6)
  3 black bears
  A centaur (D:8)
  3 phantoms (D:5)
  A kobold brigand (D:7)
  6 bullfrogs
  2 scorpions
  5 wights (D:7)
  A water moccasin zombie (D:5)
  2 howler monkeys
  A centaur zombie (D:5)
  A bullfrog zombie (D:5)
  2 orc priests
  4 hounds
  A jelly (D:5)
  2 gnoll boudas
  4 sleepcaps
  Terence (D:2)
  3 iguanas
  10 orc wizards
  2 killer bee zombies (D:5)
  8 gnolls
  8 adders
  2 white imps
  3 worms
  3 dart slugs
  19 orcs
  13 ball pythons
  6 bats
  10 endoplasms
  A giant cockroach (D:1)
  6 goblins
  6 hobgoblins
  12 kobolds
  4 quokkas
  4 frilled lizards
  2 rats
180 creatures vanquished.

Notes
Turn   | Place    | Note
-------+----------+-------------------------------------------
     0 | D:1      | LeprechaunX the Octopode Shapeshifter began the quest for
                  | the Orb.
     0 | D:1      | Reached XP level 1. HP: 13/13 MP: 1/1
    40 | D:1      | Noticed a golden eye
    42 | D:1      | Found a faded altar of an unknown god.
    43 | D:1      | Noticed a great orb of eyes
    43 | D:1      | Noticed a great orb of eyes
    43 | D:1      | Noticed an eye of devastation
   173 | D:1      | Reached XP level 2. HP: 18/18 MP: 2/2
   701 | D:2      | You fall into a shaft and drop 1 floor!
   748 | D:2      | Reached XP level 3. HP: 21/23 MP: 3/3
   942 | D:2      | Noticed Terence
   948 | D:2      | Killed Terence
   949 | D:2      | Reached XP level 4. HP: 4/29 MP: 4/4
  1163 | D:2      | Found a runed translucent door.
  1164 | D:2      | Noticed Crazy Yiuf
  1332 | D:2      | Reached skill level 4 in Shapeshifting
  1334 | D:2      | Reached XP level 5. HP: 12/34 MP: 5/5
  1544 | D:2      | Reached skill level 1 in Long Blades
  1733 | D:3      | Found a shadowy altar of Dithmenos.
  1904 | D:3      | Noticed Sigmund
  1943 | D:3      | Killed Sigmund
  1944 | D:3      | Reached skill level 5 in Shapeshifting
  1944 | D:3      | Reached XP level 6. HP: 9/42 MP: 6/6
  2243 | D:3      | Found a blossoming altar of Fedhas.
  2361 | D:3      | Found an ancient bone altar of Kikubaaqudgha.
  2495 | D:3      | Identified the ring of Fymiemoc {rF+ rCorr}
  2647 | D:4      | Reached XP level 7. HP: 40/46 MP: 7/7
  2929 | D:4      | Found Foppugum's Assorted Antiques.
  3181 | D:4      | Identified the +2 leather armour of Trumpets {Slay+3}
  3379 | D:5      | Entered Level 5 of the Dungeon
  3416 | D:5      | Found a staircase to the Ecumenical Temple.
  3429 | Temple   | Entered the Ecumenical Temple
  3449 | Temple   | Became a worshipper of Ashenzari the Shackled
  3487 | D:5      | Reached skill level 6 in Shapeshifting
  3496 | D:5      | Reached XP level 8. HP: 9/54 MP: 8/8
  3747 | D:5      | Reached skill level 1 in Evocations
  4006 | D:5      | Found a hazy altar of Hepliaklqana.
  4057 | D:5      | Found a basalt altar of Yredelemnul.
  4096 | D:5      | Reached skill level 7 in Shapeshifting
  4225 | D:5      | Got the Commentary on Production and the Missiles
  4307 | D:6      | Found a glowing golden altar of the Shining One.
  4354 | D:6      | Found a stormy altar of Qazlal.
  4417 | D:6      | Reached skill level 5 in Fighting
  5031 | D:6      | Reached XP level 9. HP: 61/61 MP: 9/9
  5505 | D:7      | Reached skill level 5 in Long Blades
  5546 | D:7      | Reached skill level 1 in Throwing
  5642 | D:7      | Reached skill level 8 in Shapeshifting
  5954 | D:7      | Found a sparkling altar of Nemelex Xobeh.
  6347 | D:8      | Noticed a two-headed ogre
  6350 | D:8      | Killed a two-headed ogre
  6351 | D:8      | Reached XP level 10. HP: 15/69 MP: 10/10
  6549 | D:8      | Reached skill level 5 in Evocations
  6574 | D:8      | Reached skill level 9 in Shapeshifting
  6587 | D:8      | Noticed an elephant
  6594 | D:8      | Killed an elephant
  6690 | D:8      | Found a staircase to the Lair.
  6690 | D:8      | Noticed an elephant
  6695 | D:8      | Killed an elephant
  6754 | D:8      | Noticed a two-headed ogre
  6762 | D:8      | Killed a two-headed ogre
  6912 | D:8      | Found Qurgh's Antique Armour Shop.
  7112 | D:8      | Found a radiant altar of Vehumet.
  7159 | D:8      | Slain by a yak

Illustrated notes

Levels and vault maps discovered:
D:1:      hellmonk_arrival_library, layout_basic,
          hellmonk_ecumenical_altar_watching_god
D:2:      layout_basic, uniq_terence, uniq_crazy_yiuf_cottage
D:3:      layout_basic, mainiacjoe_overflow_alcove_4,
          grunt_dithmenos_smoke_and_mirrors,
          mainiacjoe_overflow_surrounded_room, st_stairs_5, uniq_sigmund
D:4:      layout_basic, serial_shops, nicolae_take_the_stairs
D:5:      layout_rooms, nicolae_yredelemnul_corpse_copse,
          nicolae_overflow_crystal_walls, minmay_temple_entry_statues_pillars,
          cheibrodos_gnoll_hut
D:6:      layout_loops_corners, grunt_qazlal_sundering,
          nicolae_overflow_hidden_temple
D:7:      layout_gridville, nemelex_dance_club_becter, serial_bayou_pond_e
D:8:      layout_loops_ring, nicolae_vehumet_radiance,
          grunt_lair_entry_orc_guard_hut, serial_shops,
          nicolae_shop_getting_attention
Temple:   hellmonk_temple_of_storms

Skill      XL: |  1  2  3  4  5  6  7  8  9 10 |
---------------+-------------------------------+-----
Fighting       | 2 3 4 5 6 7 |  7.2
Shapeshifting  | 4 5 6 7 8 9 |  9.9
Long Blades    | 2 3 4 5 6 |  6.8
Unarmed Combat | 4 |  4.3
Evocations     | 3 4 6 |  6.2
Throwing       | 2 |  2.9
Dodging        | |  2.0

Action                     |  1- 3 |  4- 6 |  7- 9 | 10-12 || total
---------------------------+-------+-------+-------+-------++-------
  Melee: Unarmed           |    41 |       |       |       ||    41
         Tentacles         |    11 |     6 |    26 |     9 ||    52
         Constrict         |    10 |    16 |    30 |     4 ||    60
         Long sword        |       |    79 |   149 |    43 ||   271
         Punch             |       |     2 |     1 |     1 ||     4
 Invoke: Curse Item        |       |       |     1 |       ||     1
    Use: Potion            |       |     1 |       |       ||     1
   Stab: Sleeping          |     4 |     8 |    11 |     1 ||    24
         Distracted        |       |     1 |     1 |       ||     2
 Armour: Skin              |    13 |    48 |    84 |    25 ||   170
  Dodge: Dodged            |    22 |    43 |    94 |    31 ||   190

Table legend: (Time is in decaauts)
 A = Elapsed time spent in this place.
 B = Non-inter-level travel time spent in this place.
 C = Inter-level travel time spent in this place.
 D = Time resting spent in this place.
 E = Time spent auto-exploring this place.
 F = Levels seen in this place.
 G = Mean time per level.
                   A        B        C        D        E       F      G
               +--------+--------+--------+--------+--------+-----+--------+
         Total |   7213 |   6912 |    301 |    858 |   5007 |   9 |  801.4 |
       Dungeon |   7171 |   6889 |    282 |    858 |   5007 |   8 |  896.4 |
        Temple |     41 |     22 |     19 |      0 |      0 |   1 |   41.0 |
               +--------+--------+--------+--------+--------+-----+--------+

Top non-repeatable levels by time:
     D:6: 1142 daAuts
     D:3: 1009 daAuts
     D:8: 966 daAuts
     D:2: 957 daAuts
     D:5: 851 daAuts
     D:7: 802 daAuts
     D:4: 780 daAuts
     D:1: 660 daAuts
  Temple: 41 daAuts
